[Event "Titled Tuesday Blitz July 05 Late 2022"]
[White "Ahn, Hongjin"]
[Black "Drygalov, Andrey"]
[WhiteFideId "13201492"]
[BlackFideId "24171735"]
[WhiteElo "1873"]
[BlackElo "2531"]
[Result "0-1"]
[Round "01"]
[TimeControl "180+1"]
[Date "2022.07.05"]
[WhiteClock "0:00:04"]
[BlackClock "0:01:05"]

1. d4 Nf6 2. Nf3 d5 3. g3 Bf5 4. Bg2 e6 5. O-O h6 6. c4 c6 7. b3 Be7 8. Nbd2 O-O 9. Bb2 Nbd7 10. Ne1 a5 11. a3 b5 12. c5 Qc7 13. Ndf3 Ne4 14. Nd3 Bf6 15. b4 Bh7 16. Nfe5 axb4 17. axb4 Rxa1 18. Qxa1 Nd2 19. Re1 Nc4 20. Bc3 Bxe5 21. Nxe5 Ndxe5 22. dxe5 Qb7 23. Qc1 Ra8 24. e4 Bxe4 25. Bxe4 dxe4 26. Rxe4 Qa6 27. Rg4 Kf8 28. Kg2 Qa3 29. Qc2 Qa2 30. Qd3 Kg8 31. h4 Rf8 32. h5 Qb3 33. Rf4 Nxe5 34. Qd4 f6 35. Kh3 Qd5 36. Re4 Kf7 37. f4 Nc4 38. Qxd5 exd5 39. Re1 Ra8 40. f5 Ra3 41. Bd4 Rd3 42. Ba1 Ne3 43. Re2 Nxf5 44. Ra2 Rxg3+ 45. Kh2 Rg5 46. Ra7+ Ke6 47. Rc7 Rxh5+ 48. Kg2 Ne7 49. Bd4 Rg5+ 50. Kf2 h5 51. Be3 Rg4 52. Kf3 Rxb4 53. Bf4 g5 54. Bd6 Nf5 55. Rxc6 Nd4+ 0-1


[Site "https://www.chess.com"]

[Event "Titled Tuesday Blitz July 05 Late 2022"]
[White "Altman, Joshua"]
[Black "Hakobyan, Aram"]
[WhiteFideId "426210"]
[BlackFideId "13306677"]
[WhiteElo "1945"]
[BlackElo "2557"]
[Result "0-1"]
[Round "01"]
[TimeControl "180+1"]
[Date "2022.07.05"]
[WhiteClock "0:00:15"]
[BlackClock "0:01:10"]

1. d4 Nf6 2. c4 e6 3. Nf3 b6 4. g3 Ba6 5. Qa4 Bb7 6. Bg2 g6 7. O-O Bg7 8. Nc3 Ne4 9. Qc2 Nxc3 10. bxc3 O-O 11. a4 a5 12. e4 d6 13. Be3 Nd7 14. Nd2 e5 15. f4 Re8 16. fxe5 dxe5 17. d5 Qe7 18. Rf2 Nc5 19. Raf1 Rf8 20. h4 h5 21. Bg5 f6 22. Be3 Bc8 23. Qa2 Bd7 24. Bxc5 Qxc5 25. Nf3 Bh6 26. Kh2 Be3 27. Re2 Rf7 28. Ne1 Bh6 29. Nd3 Qd6 30. c5 bxc5 31. Qc4 Bg4 32. Rb2 f5 33. Nxc5 f4 34. Nb7 fxg3+ 35. Kxg3 Bf4+ 36. Rxf4 exf4+ 37. Kf2 Qe7 38. d6 cxd6 39. e5 f3 40. Nxd6 Qxh4+ 41. Kg1 Qe1+ 42. Bf1 f2+ 43. Kg2 Bf3+ 44. Kh3 Bd5 45. Qxd5 Qxf1+ 46. Kh4 g5+ 47. Kxh5 Qh3+ 48. Kg6 Qh7+ 49. Kxg5 Qg7+ 50. Kh5 f1=Q 51. Qxa8+ Rf8 52. Qd5+ Kh8 0-1


[Site "https://www.chess.com"]

[Event "Titled Tuesday Blitz July 05 Late 2022"]
[White "Andreikin, Dmitry"]
[Black "Martin Carmona, Gaston Manuel"]
[WhiteFideId "4158814"]
[BlackFideId "22284567"]
[WhiteElo "2736"]
[BlackElo "2162"]
[Result "1-0"]
[Round "01"]
[TimeControl "180+1"]
[Date "2022.07.05"]
[WhiteClock "0:01:05"]
[BlackClock "0:00:05"]

1. d4 Nf6 2. c4 g6 3. Nc3 Bg7 4. e4 O-O 5. h3 d6 6. Be3 c6 7. Bd3 a6 8. Nge2 b5 9. O-O Nbd7 10. Rc1 e5 11. d5 bxc4 12. Bxc4 c5 13. a3 Rb8 14. Qd2 Ne8 15. b4 cxb4 16. axb4 Rxb4 17. Na2 Rb8 18. Nb4 Bb7 19. Nc6 Bxc6 20. dxc6 Nc5 21. Nc3 Nc7 22. Rfd1 Rb4 23. Bxf7+ Rxf7 24. Bxc5 Rc4 25. Bb6 Rxc6 26. Nd5 Rxb6 27. Nxb6 Bf8 28. Nc4 Ne6 29. Nxe5 Rf4 30. Qd5 Qf6 31. Nd3 Rh4 32. e5 Qf5 33. Rc4 Rxc4 34. Qxc4 Kg7 35. Re1 Ng5 36. h4 Nf7 37. e6 1-0


[Site "https://www.chess.com"]

[Event "Titled Tuesday Blitz July 05 Late 2022"]
[White "Bazeev, German"]
[Black "Mickiewicz, Piotr"]
[WhiteFideId "24119350"]
[BlackFideId "1114891"]
[WhiteElo "2493"]
[BlackElo "2209"]
[Result "0-1"]
[Round "01"]
[TimeControl "180+1"]
[Date "2022.07.06"]
[WhiteClock "0:00:06"]
[BlackClock "0:00:05"]

1. d4 Nf6 2. Nf3 d6 3. c4 Nbd7 4. Bg5 c6 5. Nc3 h6 6. Bh4 g5 7. Bg3 Nh5 8. e3 Bg7 9. Be2 Nxg3 10. hxg3 a6 11. Qc2 Qc7 12. O-O-O b5 13. Nd2 b4 14. Na4 c5 15. dxc5 dxc5 16. Bf3 Rb8 17. Nb3 O-O 18. Rd5 Re8 19. Naxc5 Nf6 20. Rd2 g4 21. Be2 a5 22. Ne4 Nxe4 23. Qxe4 f5 24. Qd5+ e6 25. Qc5 Qf7 26. Rhd1 a4 27. Nd4 a3 28. Nc6 axb2+ 29. Kb1 b3 30. Nxb8 bxa2+ 31. Kxa2 Bb7 32. Rd8 Be4 33. Qb6 Kh7 34. Na6 Rxd8 35. Qxd8 Qa7 36. Qa5 b1=Q+ 37. Rxb1 Bxb1+ 38. Kxb1 Qb7+ 39. Nb4 Qxg2 40. Bd3 Qxf2 41. Nc2 Qg1+ 42. Qe1 Qg2 43. Qe2 Qb7+ 44. Kc1 Qb2+ 45. Kd2 Bc3+ 46. Kd1 Qb1# 0-1


[Site "https://www.chess.com"]

[Event "Titled Tuesday Blitz July 05 Late 2022"]
[White "Bortnyk, Olexandr"]
[Black "Tanaka, Taira Tyler"]
[WhiteFideId "14120828"]
[BlackFideId "7002351"]
[WhiteElo "2723"]
[BlackElo "2533"]
[Result "1/2-1/2"]
[Round "01"]
[TimeControl "180+1"]
[Date "2022.07.05"]
[WhiteClock "0:00:04"]
[BlackClock "0:00:06"]

1. d4 Nf6 2. Nc3 d5 3. Bf4 c5 4. e4 dxe4 5. dxc5 Qa5 6. Qd2 Nc6 7. O-O-O a6 8. f3 Be6 9. Qe3 Bxa2 10. fxe4 e5 11. Bg5 Bxc5 12. Qd2 Be6 13. Bxf6 gxf6 14. Qh6 Ke7 15. Nf3 Rhd8 16. Bd3 Qa1+ 17. Kd2 Qxb2 18. Nd5+ Bxd5 19. exd5 Rxd5 20. Ke2 Rxd3 21. Kxd3 Rd8+ 22. Ke2 Qxc2+ 23. Rd2 Rxd2+ 24. Qxd2 Qe4+ 25. Kd1 Qb1+ 26. Qc1 Qd3+ 27. Qd2 Qb1+ 28. Qc1 Qd3+ 29. Qd2 Qb1+ 1/2-1/2


[Site "https://www.chess.com"]

[Event "Titled Tuesday Blitz July 05 Late 2022"]
[White "Brashaw, Daniel"]
[Black "Lobanov, Sergei"]
[WhiteFideId "2038862"]
[BlackFideId "24183750"]
[WhiteElo "2145"]
[BlackElo "2524"]
[Result "0-1"]
[Round "01"]
[TimeControl "180+1"]
[Date "2022.07.05"]
[WhiteClock "0:00:09"]
[BlackClock "0:00:09"]

1. f4 d5 2. g3 g6 3. Nh3 Bg7 4. Nf2 Nf6 5. d3 O-O 6. Bg2 c5 7. e4 dxe4 8. dxe4 Qxd1+ 9. Kxd1 Rd8+ 10. Ke2 e5 11. c3 Nc6 12. Na3 Be6 13. Be3 exf4 14. gxf4 Bh6 15. Rhd1 Nh5 16. f5 Bxe3 17. Kxe3 gxf5 18. exf5 Bxf5 19. Bxc6 bxc6 20. Nc4 Rd5 21. Na5 Re8+ 22. Kf3 Re6 23. c4 Rd4 24. Rxd4 cxd4 25. c5 Re3+ 26. Kg2 Nf4+ 27. Kf1 d3 28. Nxc6 Kf8 29. Re1 Ne2 30. Nd4 d2 31. Rxe2 Bd3 32. c6 Ke8 33. b4 Kd8 34. a4 f5 35. b5 f4 36. Nxd3 d1=Q+ 37. Kf2 Rxe2+ 38. Nxe2 Qxd3 39. Nxf4 Qd4+ 40. Kf3 Qxa4 41. Ne6+ Kc8 0-1


[Site "https://www.chess.com"]

[Event "Titled Tuesday Blitz July 05 Late 2022"]
[White "Brozyna, Mateusz"]
[Black "Swiercz, Dariusz"]
[WhiteFideId "21816140"]
[BlackFideId "1126881"]
[WhiteElo "2030"]
[BlackElo "2627"]
[Result "0-1"]
[Round "01"]
[TimeControl "180+1"]
[Date "2022.07.05"]
[WhiteClock "0:00:21"]
[BlackClock "0:00:44"]

1. e4 e6 2. d4 d5 3. exd5 exd5 4. Nf3 Nf6 5. Bd3 Bd6 6. Qe2+ Be6 7. Ng5 Qe7 8. Nxe6 Qxe6 9. Qxe6+ fxe6 10. Nd2 Nc6 11. c3 O-O 12. Nf3 e5 13. dxe5 Nxe5 14. Nxe5 Bxe5 15. O-O c6 16. h3 Rae8 17. Be3 a6 18. Rae1 Bd6 19. Bd2 Kf7 20. Rxe8 Rxe8 21. Re1 Rd8 22. Bg5 h6 23. Be3 Nd7 24. g3 Bc5 25. Kg2 Bxe3 26. Rxe3 Nc5 27. Be2 a5 28. h4 Na4 29. b3 Nc5 30. Bd3 Nxd3 31. Rxd3 Re8 32. Kf3 Re1 33. c4 dxc4 34. bxc4 Ke6 35. Re3+ Rxe3+ 36. Kxe3 b5 37. Kd4 b4 38. Kc5 Ke5 39. h5 Ke4 40. f4 Kf3 41. f5 Kxg3 42. Kxc6 a4 43. c5 b3 44. axb3 axb3 45. Kd7 b2 46. c6 b1=Q 47. c7 Qxf5+ 0-1


[Site "https://www.chess.com"]

[Event "Titled Tuesday Blitz July 05 Late 2022"]
[White "Corrales Jimenez, Fidel"]
[Black "Kopczynski, Michal"]
[WhiteFideId "3506690"]
[BlackFideId "1124200"]
[WhiteElo "2541"]
[BlackElo "2235"]
[Result "0-1"]
[Round "01"]
[TimeControl "180+1"]
[Date "2022.07.05"]
[WhiteClock "0:00:03"]
[BlackClock "0:00:23"]

1. d4 Nf6 2. c4 g6 3. Nc3 Bg7 4. e4 d6 5. Be2 O-O 6. h4 h5 7. Bg5 c5 8. dxc5 dxc5 9. Qxd8 Rxd8 10. e5 Nfd7 11. Nd5 Nc6 12. Nf3 Ndxe5 13. Nxe5 Bxe5 14. Nxe7+ Nxe7 15. Bxe7 Bxb2 16. Rb1 Bc3+ 17. Kf1 Rd2 18. a4 Bd4 19. a5 Ra2 20. g3 Bf5 21. Re1 Re8 22. Bg5 Rexe2 23. Rxe2 Bd3 24. Kg2 Rxe2 25. Rd1 Bxc4 26. Kf3 Rxf2+ 27. Ke4 f5# 0-1


[Site "https://www.chess.com"]

[Event "Titled Tuesday Blitz July 05 Late 2022"]
[White "Cremisi, Daniel"]
[Black "Bluebaum, Matthias"]
[WhiteFideId "2089882"]
[BlackFideId "24651516"]
[WhiteElo "2172"]
[BlackElo "2556"]
[Result "0-1"]
[Round "01"]
[TimeControl "180+1"]
[Date "2022.07.05"]
[WhiteClock "0:00:02"]
[BlackClock "0:00:22"]

1. d4 Nf6 2. Nf3 d5 3. c4 e6 4. Nc3 Bb4 5. cxd5 exd5 6. Bg5 h6 7. Bxf6 Qxf6 8. a3 Bxc3+ 9. bxc3 O-O 10. e3 c5 11. Be2 Bf5 12. Ne5 Nc6 13. Nxc6 bxc6 14. O-O c4 15. Bf3 Rab8 16. Re1 Rfe8 17. Qa4 Rb7 18. Bd1 Qg6 19. Rc1 Be4 20. g3 Rb2 21. Re2 Reb8 22. Bc2 Qf6 23. f4 Qe6 24. Qxa7 Bxc2 25. Rcxc2 Rb1+ 26. Kg2 Qe4+ 27. Kh3 R8b7 28. Qa8+ Kh7 29. Qc8 Rg1 30. Rg2 Rbb1 31. a4 g6 32. Qd7 Kg7 33. Qd6 Qf5+ 34. g4 Qd3 35. Qe5+ Kh7 36. Qe7 Kg8 37. Qe8+ Kg7 38. Qe5+ Kf8 39. Qd6+ Kg8 40. Qd8+ Kg7 41. Qe7 Rxg2 42. Rxg2 Re1 43. Qe5+ Kf8 44. Qd6+ Kg8 45. Qb8+ Kg7 46. Qe5+ Kh7 47. Rg3 Qf1+ 48. Kh4 Qf2 49. Kh3 Rh1 50. Rg2 Qf3+ 51. Rg3 Qf1+ 52. Rg2 Rg1 53. Qf6 Qxg2+ 54. Kh4 Qxh2# 0-1


[Site "https://www.chess.com"]

[Event "Titled Tuesday Blitz July 05 Late 2022"]
[White "Dardha, Arben"]
[Black "Xiong, Jeffery"]
[WhiteFideId "4700481"]
[BlackFideId "2047640"]
[WhiteElo "2196"]
[BlackElo "2714"]
[Result "0-1"]
[Round "01"]
[TimeControl "180+1"]
[Date "2022.07.05"]
[WhiteClock "0:00:19"]
[BlackClock "0:01:09"]

1. e4 c6 2. d4 d5 3. Nd2 dxe4 4. Nxe4 Nf6 5. Ng3 h5 6. h4 e5 7. N1e2 Na6 8. Bg5 Qa5+ 9. c3 Bg4 10. Qb3 O-O-O 11. dxe5 Qxe5 12. Bf4 Qa5 13. f3 Nc5 14. Qc2 Nd3+ 15. Qxd3 Rxd3 16. fxg4 Nxg4 17. Nd4 Rxd4 18. b4 Bxb4 19. cxb4 Qxb4+ 20. Ke2 Re8+ 21. Kf3 Rxf4# 0-1


[Site "https://www.chess.com"]

[Event "Titled Tuesday Blitz July 05 Late 2022"]
[White "Deac, Bogdan-Daniel"]
[Black "Taboas Rodriguez, Daniel"]
[WhiteFideId "1226380"]
[BlackFideId "2208466"]
[WhiteElo "2648"]
[BlackElo "2429"]
[Result "1-0"]
[Round "01"]
[TimeControl "180+1"]
[Date "2022.07.05"]
[WhiteClock "0:00:18"]
[BlackClock "0:00:08"]

1. d4 Nf6 2. c4 g6 3. Nc3 Bg7 4. e4 d6 5. Be2 O-O 6. h4 c5 7. d5 e6 8. h5 exd5 9. exd5 Re8 10. h6 Bh8 11. Bg5 a6 12. Nf3 Bg4 13. O-O Nbd7 14. Re1 Qb6 15. b3 Qa5 16. Bd2 Qc7 17. Rc1 Ne4 18. Nxe4 Rxe4 19. Ng5 Bxe2 20. Rxe2 Ree8 21. Bf4 Nf6 22. Rcc2 Nh5 23. Bh2 Qd7 24. Rxe8+ Rxe8 25. Re2 Nf6 26. f3 Rxe2 27. Qxe2 Ne8 28. g4 Bf6 29. Ne4 Bd4+ 30. Kg2 f5 31. Ng5 fxg4 32. fxg4 Bf6 33. Ne6 Kf7 34. Qf3 Kg8 35. g5 Qe7 36. gxf6 Nxf6 37. Bxd6 Qxd6 38. Qxf6 1-0


[Site "https://www.chess.com"]

[Event "Titled Tuesday Blitz July 05 Late 2022"]
[White "Diaz Rosas, Julio Cesar"]
[Black "Melikhov, Evgeny V."]
[WhiteFideId "5105099"]
[BlackFideId "4122046"]
[WhiteElo "2278"]
[BlackElo "1995"]
[Result "0-1"]
[Round "01"]
[TimeControl "180+1"]
[Date "2022.07.06"]
[WhiteClock "0:00:04"]
[BlackClock "0:00:22"]

1. e4 e5 2. Nf3 Nc6 3. Bc4 Nf6 4. d3 Be7 5. O-O O-O 6. Re1 d6 7. a4 a5 8. Nc3 Be6 9. Nd5 Bxd5 10. exd5 Nd4 11. c3 Nxf3+ 12. Qxf3 Nd7 13. Bb3 Bg5 14. Bc2 Bxc1 15. Raxc1 f5 16. Qh3 Qf6 17. f4 Rae8 18. Qf3 exf4 19. Qxf4 g6 20. d4 Qf7 21. Bb3 Rxe1+ 22. Rxe1 Nf6 23. Re6 Ne4 24. h3 Kg7 25. Bc2 Nf6 26. c4 Re8 27. Qe3 Rxe6 28. dxe6 Qe7 29. d5 Nd7 30. Qc3+ Ne5 31. Qxa5 b6 32. Qc3 Qg5 33. Bd1 Kf6 34. b4 Qf4 35. Be2 Qe4 36. Bf1 Qb1 37. a5 bxa5 38. bxa5 Qa2 39. c5 Ke7 40. cxd6+ Kxd6 41. a6 Qxd5 42. Qa3+ Kxe6 43. a7 Qa8 44. Qa6+ Nc6 45. Bb5 Qxa7+ 46. Qxa7 Nxa7 47. Bc4+ Ke5 48. Bg8 h6 49. Bh7 g5 50. Bg8 f4 51. Kf2 Kd4 52. g3 fxg3+ 53. Kxg3 Ke5 54. h4 Kf6 55. Kg4 c5 56. Kh5 gxh4 57. Kxh4 Nc6 58. Kh5 Kg7 59. Bd5 Na5 60. Kg4 c4 61. Kf4 Kf6 62. Ke4 h5 63. Kd4 h4 64. Bg2 Kg5 65. Kc3 Kf4 66. Kb4 Kg3 67. Be4 h3 68. Kxa5 c3 69. Kb4 Kf4 70. Bg6 h2 0-1


[Site "https://www.chess.com"]

[Event "Titled Tuesday Blitz July 05 Late 2022"]
[White "Dubov, Daniil"]
[Black "Dauner, Benedikt"]
[WhiteFideId "24126055"]
[BlackFideId "16225899"]
[WhiteElo "2791"]
[BlackElo "2230"]
[Result "1-0"]
[Round "01"]
[TimeControl "180+1"]
[Date "2022.07.05"]
[WhiteClock "0:01:40"]
[BlackClock "0:00:11"]

1. c4 Nf6 2. Nc3 e6 3. e4 c5 4. e5 Ng8 5. Nf3 Nc6 6. d4 cxd4 7. Nxd4 Nxe5 8. Ndb5 a6 9. Nd6+ Bxd6 10. Qxd6 f6 11. Be2 Ne7 12. O-O Nf5 13. Qd2 Qb6 14. Rd1 O-O 15. b3 Qc7 16. Ba3 Re8 17. Rac1 b6 18. Ne4 Bb7 19. Nd6 Nxd6 20. Bxd6 Qc6 21. f3 Nf7 22. Bg3 Rad8 23. Bf2 d6 24. Qe3 Rb8 25. Rd2 Qc7 26. Rcd1 Bc6 27. a4 b5 28. cxb5 axb5 29. Rc1 Qb7 30. Rdc2 Ne5 31. f4 Bxg2 32. fxe5 Bh1 33. Qg3 Qe4 34. exf6 Rb7 35. Rc7 Rxc7 36. Rxc7 Qb1+ 37. Bf1 1-0


[Site "https://www.chess.com"]

[Event "Titled Tuesday Blitz July 05 Late 2022"]
[White "Fernandez, Fernando"]
[Black "Roman, Rodrigo"]
[WhiteFideId "3802299"]
[BlackFideId "3701220"]
[WhiteElo "2292"]
[BlackElo "2001"]
[Result "1-0"]
[Round "01"]
[TimeControl "180+1"]
[Date "2022.07.06"]
[WhiteClock "0:00:06"]
[BlackClock "0:00:10"]

1. e4 c5 2. Nf3 Nc6 3. Bb5 g6 4. O-O Bg7 5. c3 a6 6. Bxc6 bxc6 7. Re1 e5 8. b3 Ne7 9. Bb2 O-O 10. d4 cxd4 11. cxd4 exd4 12. Bxd4 f6 13. Nbd2 d5 14. Rc1 Re8 15. h3 Be6 16. Bc5 f5 17. e5 Nc8 18. Nd4 Qc7 19. b4 Bxe5 20. Nxe6 Rxe6 21. f4 Bb2 22. Rxe6 Bxc1 23. Re8+ Kf7 24. Rf8+ Kg7 25. Qxc1 Qxf4 26. Qc3+ d4 27. Qb3 Qxd2 28. Rg8+ Kh6 29. Bf8+ Kg5 30. Qg3+ Kf6 31. Qh4+ Ke6 32. Bh6 Qd1+ 33. Kh2 Nb6 34. Rg7 Re8 35. Rc7 Kd5 36. Bg7 Qd2 37. Rb7 Re2 38. Qg3 Na4 39. Rd7+ Kc4 40. Rxd4+ Qxd4 41. Qb3+ Kb5 42. Bxd4 Re4 43. Bf2 Nb6 44. Bxb6 Kxb6 45. a3 Kb5 46. a4+ Kb6 47. Qc3 Kb7 48. Qg7+ Kb6 49. Qc3 h5 50. Qc5+ Kb7 51. a5 Re6 52. Qb6+ Kc8 53. Qxa6+ Kc7 54. Qb6+ Kd7 55. a6 Re2 56. a7 Ra2 57. Qb7+ Kd6 58. Qb8+ Kd5 59. a8=Q Rxa8 60. Qxa8 Kc4 61. Qxc6+ Kxb4 62. Qxg6 h4 63. Qxf5 Kc3 64. g4 Kd2 65. g5 Ke1 66. g6 Ke2 67. g7 Ke3 68. g8=Q Kd2 69. Qgd5+ Kc3 70. Qfd3+ Kb4 71. Q5b5# 1-0


[Site "https://www.chess.com"]

[Event "Titled Tuesday Blitz July 05 Late 2022"]
[White "Holt, Conrad"]
[Black "Bobadilla Viera, Jorge Samuel"]
[WhiteFideId "2034387"]
[BlackFideId "3906353"]
[WhiteElo "2586"]
[BlackElo "2202"]
[Result "1-0"]
[Round "01"]
[TimeControl "180+1"]
[Date "2022.07.05"]
[WhiteClock "0:00:27"]
[BlackClock "0:00:10"]

1. d4 Nf6 2. c4 e6 3. Nc3 Bb4 4. Qc2 O-O 5. e4 d5 6. e5 Ne4 7. Bd3 c5 8. Nf3 cxd4 9. Nxd4 Nd7 10. Bf4 Ndc5 11. O-O Bxc3 12. bxc3 Nxd3 13. Qxd3 b6 14. cxd5 exd5 15. Rad1 Qd7 16. f3 Nc5 17. Qd2 Ba6 18. Rfe1 Rac8 19. h4 Rfe8 20. h5 Nd3 21. h6 Nxe1 22. Rxe1 g6 23. Bg5 Qc7 24. Re3 Rxe5 25. Bf4 f6 26. Ne6 Qd6 27. Ng5 Rce8 28. Bxe5 Rxe5 29. Rxe5 Qxe5 30. f4 Qf5 31. Nf3 Qe4 32. Qc1 Bc4 33. a3 a5 34. Kh2 Be2 35. Nd4 Bc4 36. Kg3 Qd3+ 37. Kf2 Qe4 38. g3 Kf7 39. Qd1 b5 40. Qg4 Qe7 41. Nc6 Qc5+ 42. Nd4 Qe7 43. Qc8 g5 44. Qh8 Kg6 45. Qg8+ Kh5 46. Qg7 Qe4 47. Qxf6 gxf4 48. gxf4 Qg6 49. Qe5+ Kxh6 50. Nf5+ Kh5 51. Ne7+ 1-0


[Site "https://www.chess.com"]

[Event "Titled Tuesday Blitz July 05 Late 2022"]
[White "Hu, Merric"]
[Black "Dardha, Daniel"]
[WhiteFideId "30906660"]
[BlackFideId "240990"]
[WhiteElo "1912"]
[BlackElo "2482"]
[Result "1-0"]
[Round "01"]
[TimeControl "180+1"]
[Date "2022.07.06"]
[WhiteClock "0:00:32"]
[BlackClock "0:00:16"]

1. e4 e5 2. Nf3 Nc6 3. Bc4 Bc5 4. c3 Nf6 5. O-O Nxe4 6. d4 exd4 7. cxd4 Bb6 8. d5 Ne7 9. Qe2 Nd6 10. Re1 Nxc4 11. Qxc4 O-O 12. Bg5 Re8 13. d6 cxd6 14. Nc3 h6 15. Bh4 Kf8 16. Nd5 f6 17. Nxf6 Bxf2+ 18. Kxf2 Qb6+ 19. Kf1 gxf6 20. Bxf6 d5 21. Qf4 Kg8 22. Qg4+ 1-0


[Site "https://www.chess.com"]

[Event "Titled Tuesday Blitz July 05 Late 2022"]
[White "Ibarra Jerez, Jose Carlos"]
[Black "Sanchez Alvares, Kelvin Antonio"]
[WhiteFideId "2226332"]
[BlackFideId "3906680"]
[WhiteElo "2628"]
[BlackElo "2193"]
[Result "1-0"]
[Round "01"]
[TimeControl "180+1"]
[Date "2022.07.05"]
[WhiteClock "0:00:28"]
[BlackClock "0:00:19"]

1. e4 c5 2. Nc3 Nc6 3. Nf3 g6 4. d4 cxd4 5. Nxd4 Bg7 6. Be3 d6 7. f3 Nf6 8. Qd2 O-O 9. O-O-O Nxd4 10. Bxd4 Be6 11. Kb1 Qc7 12. Nd5 Bxd5 13. exd5 Rfc8 14. Rc1 a5 15. a4 Nd7 16. Bxg7 Kxg7 17. h4 h5 18. Re1 Nf6 19. Bb5 Rab8 20. c3 Qc5 21. Rxe7 Qxd5 22. Rd1 Qxd2 23. Rxd2 Kf8 24. Re1 Rd8 25. Rd4 Rbc8 26. Rf4 Nd5 27. Rd4 Nf6 28. g4 hxg4 29. fxg4 Rc5 30. Rf1 Ng8 31. Rdf4 f6 32. Rd4 f5 33. Bd3 Ne7 34. gxf5 gxf5 35. Rdf4 Kg7 36. Bxf5 Rf8 37. Be4 Rxf4 38. Rxf4 b6 39. Bd3 Re5 40. Kc2 Nd5 41. Rg4+ Kf6 42. Rg6+ Ke7 43. Rg7+ Ke6 44. Bc4 Rh5 45. Rg5 Rxg5 46. hxg5 Ke5 47. Bxd5 Kxd5 48. Kd3 1-0


[Site "https://www.chess.com"]

[Event "Titled Tuesday Blitz July 05 Late 2022"]
[White "Iliaguev, Nisim"]
[Black "Salem, A.R. Saleh"]
[WhiteFideId "2817276"]
[BlackFideId "9301348"]
[WhiteElo "2107"]
[BlackElo "2679"]
[Result "1-0"]
[Round "01"]
[TimeControl "180+1"]
[Date "2022.07.05"]
[WhiteClock "0:01:18"]
[BlackClock "0:00:07"]

1. d4 Nf6 2. Nf3 g6 3. g3 Bg7 4. Bg2 d5 5. O-O O-O 6. b3 c5 7. Bb2 cxd4 8. Bxd4 Nc6 9. Bb2 Re8 10. c4 dxc4 11. bxc4 Qxd1 12. Rxd1 Ne4 13. Bxg7 Kxg7 14. Nfd2 Nc5 15. Nc3 Be6 16. Nb3 Nd7 17. Nb5 Rec8 18. Rac1 Nde5 19. Bd5 Bh3 20. f3 Rab8 21. Kf2 Nb4 22. Nxa7 Rd8 23. a3 Nxd5 24. Rxd5 f6 25. g4 h5 26. gxh5 gxh5 27. Nb5 Be6 28. Rxd8 Rxd8 29. N3d4 Bxc4 30. Rxc4 Rg8 31. Rc7 Kf7 32. Nd6+ Kg6 33. Rxe7 h4 34. N6f5 h3 35. Rxb7 Nc4 36. a4 Kg5 37. Rg7+ Rxg7 38. Nxg7 Na5 39. Nge6+ Kh4 40. Nc5 Kg5 41. Ncb3 Nc4 42. a5 f5 43. a6 f4 44. a7 Nb6 45. Nc5 Na8 46. Nde6+ Kh4 47. Nxf4 1-0


[Site "https://www.chess.com"]

[Event "Titled Tuesday Blitz July 05 Late 2022"]
[White "Jorajuria Mendoza, Algol"]
[Black "Hansen, Eric"]
[WhiteFideId "5128897"]
[BlackFideId "2606771"]
[WhiteElo "1600"]
[BlackElo "2568"]
[Result "0-1"]
[Round "01"]
[TimeControl "180+1"]
[Date "2022.07.05"]
[WhiteClock "0:00:03"]
[BlackClock "0:02:10"]

1. e4 c5 2. Nc3 e6 3. d4 cxd4 4. Qxd4 Nc6 5. Qe3 a6 6. Nf3 b5 7. Be2 Bb7 8. O-O d6 9. Rd1 Qc7 10. a4 b4 11. Na2 Nf6 12. h3 Be7 13. b3 d5 14. e5 Ne4 15. Bb2 Bc5 16. Nd4 Nxe5 17. Bf3 Nxf3+ 18. Qxf3 O-O 19. Rac1 Qb6 20. c3 bxc3 21. Bxc3 Nxc3 22. Qxc3 Rac8 23. Qb2 e5 24. Nf3 f6 25. b4 Be7 26. Qb3 Kh8 27. Nc3 Qxb4 28. Qxb4 Bxb4 29. Ne2 d4 30. Ne1 Rxc1 31. Rxc1 Bxe1 32. Rxe1 Rc8 33. Rb1 Be4 34. Rb6 h6 35. f3 Bd3 36. Kf2 Rc2 0-1


[Site "https://www.chess.com"]

[Event "Titled Tuesday Blitz July 05 Late 2022"]
[White "Kamsky, Gata"]
[Black "Estrada Nieto, Julian"]
[WhiteFideId "2000024"]
[BlackFideId "5101018"]
[WhiteElo "2645"]
[BlackElo "2252"]
[Result "1-0"]
[Round "01"]
[TimeControl "180+1"]
[Date "2022.07.05"]
[WhiteClock "0:01:49"]
[BlackClock "0:00:01"]

1. e4 e5 2. Nf3 Nc6 3. Bb5 a6 4. Ba4 Nf6 5. O-O Be7 6. Re1 b5 7. Bb3 d6 8. c3 O-O 9. d4 Bg4 10. d5 Na5 11. Bc2 c6 12. h3 Bc8 13. dxc6 Qc7 14. Nbd2 Qxc6 15. Nf1 Nc4 16. Ng3 Be6 17. Nh4 Rfe8 18. Nhf5 Bf8 19. a4 d5 20. Qf3 b4 21. Bg5 Bxf5 22. Qxf5 Nd6 23. exd5 Nxf5 24. dxc6 Nxg3 25. Bxf6 gxf6 26. fxg3 bxc3 27. bxc3 Rac8 28. Be4 Red8 29. g4 Bc5+ 30. Kf1 Kf8 31. Ke2 Ke7 32. Rab1 Bd6 33. Rb7+ Rc7 34. Reb1 Rc8 35. a5 h6 36. R1b6 Ra8 37. Bd3 Ke6 38. Bc4+ Ke7 39. Bxa6 Rxb7 40. cxb7 Rb8 41. Bc4 Bc7 42. Rb5 Kd6 43. a6 1-0


[Site "https://www.chess.com"]

[Event "Titled Tuesday Blitz July 05 Late 2022"]
[White "Keymer, Vincent"]
[Black "Leve, Nitai"]
[WhiteFideId "12940690"]
[BlackFideId "2006898"]
[WhiteElo "2548"]
[BlackElo "2144"]
[Result "1-0"]
[Round "01"]
[TimeControl "180+1"]
[Date "2022.07.05"]
[WhiteClock "0:00:14"]
[BlackClock "0:00:04"]

1. Nf3 d5 2. e3 Nf6 3. c4 c6 4. Nc3 g6 5. d4 Bg7 6. Be2 O-O 7. O-O Bg4 8. h3 Bxf3 9. Bxf3 e6 10. b3 Nbd7 11. Bb2 Qe7 12. Qc2 Rfc8 13. Rfe1 Nb6 14. Qe2 dxc4 15. bxc4 Qb4 16. c5 Na4 17. Nxa4 Qxa4 18. Qd3 Nd5 19. Qb3 Qxb3 20. axb3 Nb4 21. Red1 b6 22. Rac1 b5 23. Ra1 a5 24. Bc3 Bf8 25. Bxb4 axb4 26. Rxa8 Rxa8 27. Bxc6 Ra3 28. Rb1 Ra5 29. Rc1 Be7 30. f4 Kf8 31. Kf2 Bd8 32. Kf3 Ke7 33. g4 Ra3 34. Rb1 Ra5 35. g5 Bc7 36. h4 f6 37. gxf6+ Kxf6 38. e4 h6 39. d5 exd5 40. exd5 Ra2 41. d6 Bd8 42. Bxb5 Rc2 43. Bc4 Rd2 44. Re1 g5 45. hxg5+ hxg5 46. Re8 Ba5 47. Rf8+ Kg7 48. Rg8+ Kf6 49. fxg5+ Kf5 50. g6 Rd1 51. g7 1-0


[Site "https://www.chess.com"]

[Event "Titled Tuesday Blitz July 05 Late 2022"]
[White "Koc, Przemyslaw"]
[Black "Shimanov, Aleksandr"]
[WhiteFideId "1109081"]
[BlackFideId "4198603"]
[WhiteElo "2134"]
[BlackElo "2605"]
[Result "1-0"]
[Round "01"]
[TimeControl "180+1"]
[Date "2022.07.05"]
[WhiteClock "0:00:14"]
[BlackClock "0:00:07"]

1. d4 Nf6 2. Bg5 Ne4 3. Bf4 d5 4. Nd2 Bf5 5. f3 Nxd2 6. Qxd2 e6 7. h4 h5 8. e3 a6 9. Bd3 Bxd3 10. cxd3 c5 11. dxc5 Bxc5 12. d4 Be7 13. g3 Nc6 14. Ne2 Rc8 15. Kf2 f6 16. Qd3 Kf7 17. a3 Qb6 18. b4 Na7 19. Nc3 Rc4 20. g4 hxg4 21. fxg4 Nb5 22. Na4 Qc6 23. Nc5 b6 24. h5 f5 25. Nxa6 Rc3 26. Qb1 Rc2+ 27. Kf3 Qc3 28. Qd1 Bf6 29. gxf5 Nxd4+ 30. Kg4 Nxf5 31. Rc1 Rxc1 32. Qxc1 Qd3 33. Qc7+ Kg8 34. Qc8+ Kh7 35. Qxe6 Ne7 36. h6 Kg6 37. Kf3 Qe4+ 38. Qxe4+ dxe4+ 39. Kxe4 gxh6 40. Nc7 h5 41. Rg1+ Kf7 42. Nd5 Nxd5 43. Kxd5 h4 44. e4 Rh5+ 45. e5 Bg7 46. Kd6 Bf8+ 47. Kd7 h3 48. e6+ Kf6 49. Rf1 Rd5+ 50. Kc6 Kxe6 51. Re1+ Kf5 52. Kxd5 Kxf4 53. Rf1+ Ke3 54. Rxf8 1-0


[Site "https://www.chess.com"]